 Dungeon Crawl Stone Soup version 0.21.1-1-g345015fe64 (webtiles) character file.

283 Ivernyr the Charmwright (level 6, -10/47 HPs)
             Began as a Demonspawn Skald on Apr 26, 2018.
             Mangled by an ogre
             ... wielding a +0 giant club
              (24 damage)
             ... on level 4 of the Dungeon.
             The game lasted 00:06:35 (4285 turns).

Ivernyr the Charmwright (Demonspawn Skald)          Turns: 4285, Time: 00:06:36

Health: -10/47     AC:  9    Str: 11    XL:     6   Next: 7%
Magic:  7/9        EV: 11    Int: 14    God:
Gold:   195        SH:  0    Dex: 15    Spells: 4/9 levels left

rFire    . . .     SeeInvis +   a - +0 falchion
rCold    . . .     Gourm    .   (no shield)
rNeg     . . .     Faith    .   b - +0 leather armour
rPois    .         Spirit   .   (no helmet)
rElec    .         Reflect  .   r - scarf {repulsion}
rCorr    .         Harm     .   q - +2 pair of gloves
MR       .....                  (no boots)
Stlth    +.........             (no amulet)
HPRegen  0.15/turn              g - ring of see invisible
MPRegen  0.11/turn              (no ring)

@: drained, repel missiles
A: talons 1, thin metallic scales 2
a: no special abilities


You were on level 4 of the Dungeon.
You were not hungry.

You visited 1 branch of the dungeon, and saw 4 of its levels.

You collected 195 gold pieces.

Inventory:

Hand Weapons
 a - a +0 falchion (weapon)
Armour
 b - a +0 leather armour (worn)
 q - a +2 pair of gloves (worn)
 r - a scarf of repulsion (worn)
Jewellery
 g - a ring of see invisible (left hand)
 l - an uncursed ring of magical power {unknown}
Wands
 h - a wand of digging (19)
 m - a wand of acid (9)
Scrolls
 e - 2 scrolls of remove curse {unknown}
 f - 4 scrolls of identify {unknown}
 k - a scroll of magic mapping {unknown}
 n - a scroll of enchant armour {unknown}
 o - a scroll of immolation {unknown}
 p - a scroll of fear {unknown}
Potions
 i - a potion of ambrosia {unknown}
 j - a potion of curing {unknown}
Books
 c - a book of Battle

   Spells                             Type                      Level
   a - Infusion                       Charms                       1
   b - Shroud of Golubria             Charms/Translocation         2
   c - Song of Slaying                Charms                       2
   d - Spectral Weapon                Hexes/Charms                 3
   e - Regeneration                   Charms/Necromancy            3
Comestibles
 d - 5 rations
 s - 4 chunks of flesh


   Skills:
 + Level 3.3(2.9) Fighting
 + Level 3.0(2.6) Long Blades
 * Level 3.4(3.1) Armour
 - Level 1.7(1.4) Dodging
 - Level 2.0(1.6) Spellcasting
 + Level 3.6(3.2) Charms


You had 4 spell levels left.
You knew the following spells:

 Your Spells              Type           Power        Failure   Level  Hunger
a - Shroud of Golubria    Chrm/Tloc      #.........   24%         2    ###....
b - Song of Slaying       Chrm           ##......     12%         2    ###....
c - Infusion              Chrm           ##..         9%          1    ##.....


Dungeon Overview and Level Annotations

Branches:
Dungeon (4/15)
 Temple: D:4-7

Altars:
Fedhas
Gozag
Kikubaaqudgha
The Shining One

Annotations:
D:4 Ivernyr's ghost, amateur DsSk


Innate Abilities, Weirdness & Mutations

You have sharp toenails.
You are mostly covered in thin metallic scales. (AC +3)


Message History

Casting: Shroud of Golubria
Confirm with . or Enter, or press ? or * to list all spells.
Space distorts slightly along a thin shroud covering your body.
You hit the ogre. You claw the ogre.
The ogre is moderately wounded.
The ogre hits you with a giant club!
Your shroud falls apart!
You hit the ogre. You claw the ogre.
The ogre is moderately wounded.
The ogre hits you with a giant club.
Your leather armour prevents you from hitting the ogre.
Your kick misses the ogre.
The ogre is moderately wounded.
The ogre hits you with a giant club!
* * * LOW HITPOINT WARNING * * *
You hit the ogre. You claw the ogre, but do no damage.
The ogre is heavily wounded.
The ogre hits you with a giant club!!
Ouch! That really hurt!
You die...

#########
#.......#
#.......#
#.......#
#.......#
+.......#
#@..<...#
......O########
....... ..$....
....... .......
....... .......


You could see an ogre.

Vanquished Creatures
  An ogre (D:3)
  A centaur skeleton (D:4)
  An orc wizard (D:3)
  Jessica (D:2)
  4 adders
  An ooze (D:3)
  2 worms (D:2)
  2 leopard geckos
  9 orcs (D:3)
  3 giant cockroaches (D:1)
  6 goblins
  8 hobgoblins
  4 jackals (D:1)
  7 kobolds
  A quokka (D:2)
  5 bats
  5 frilled lizards
  A leopard gecko skeleton (D:4)
  6 rats
68 creatures vanquished.

Notes
Turn   | Place    | Note
-------+----------+-------------------------------------------
     0 | D:1      | Ivernyr the Demonspawn Skald began the quest for the Orb.
     0 | D:1      | Reached XP level 1. HP: 16/16 MP: 3/3
   186 | D:1      | Reached skill level 1 in Armour
   625 | D:1      | Gained mutation: You have sharp toenails. [demonic ancestry]
   625 | D:1      | Reached XP level 2. HP: 22/22 MP: 5/5
  1382 | D:2      | Gained mutation: You are partially covered in thin metallic scales. (AC +2) [demonic ancestry]
  1382 | D:2      | Reached XP level 3. HP: 22/28 MP: 2/6
  1504 | D:2      | Found a faded altar of an unknown god.
  1684 | D:2      | Found an ancient bone altar of Kikubaaqudgha.
  1686 | D:2      | Found a blossoming altar of Fedhas.
  1939 | D:2      | Learned a level 2 spell: Song of Slaying
  1942 | D:2      | Learned a level 2 spell: Shroud of Golubria
  1961 | D:2      | Noticed Jessica
  1971 | D:2      | Killed Jessica
  1971 | D:2      | Gained mutation: You are mostly covered in thin metallic scales. (AC +3) [demonic ancestry]
  1971 | D:2      | Reached XP level 4. HP: 18/34 MP: 2/7
  3228 | D:3      | Found an opulent altar of Gozag.
  3445 | D:3      | Reached XP level 5. HP: 9/41 MP: 8/8
  3446 | D:3      | HP: 1/41 [orc/mace (3)]
  3846 | D:3      | Found a glowing golden altar of the Shining One.
  4136 | D:4      | Noticed Ivernyr's ghost (amateur DsSk)
  4182 | D:4      | Noticed an ogre
  4191 | D:3      | Killed an ogre
  4273 | D:4      | Reached XP level 6. HP: 47/47 MP: 9/9
  4285 | D:4      | Mangled by an ogre

Skill      XL: |  1  2  3  4  5 |
---------------+----------------+-----
Armour         | 1 2 3 |  3.4
Long Blades    | 2 3 |  3.0
Charms         | 3 |  3.6
Fighting       | 3 |  3.3
Dodging        | |  1.7
Spellcasting   | |  2.0

Action                   |  1- 3 |  4- 6 || total
-------------------------+-------+-------++-------
Melee: Falchion          |    80 |   125 ||   205
       Kick              |    19 |    37 ||    56
 Cast: Infusion          |     2 |       ||     2
       Shroud of Golubri |     1 |     3 ||     4
  Eat: Chunk             |     3 |     9 ||    12
Armor: Leather armour    |    24 |    32 ||    56
Dodge: Dodged            |    67 |    73 ||   140
       Rpst.: Falchion   |    17 |    24 ||    41
